 Dungeon Crawl Stone Soup version 0.20-a0-1016-g241539b (webtiles) character file.

77007 Rrauwl the Bludgeoner (level 15, -2/141 HPs)
             Began as a Gargoyle Fighter on Apr 16, 2017.
             Was the Champion of the Shining One.
             Slain by a storm dragon (4 damage)
             ... while paralysed by a great orb of eyes
             ... on level 14 of the Dungeon.
             The game lasted 02:23:46 (23121 turns).

Rrauwl the Bludgeoner (Gargoyle Fighter)           Turns: 23121, Time: 02:23:46

Health: -2/141     AC: 27    Str: 24    XL:     15   Next: 55%
Magic:  21/21      EV:  2    Int: 10    God:    the Shining One [******]
Gold:   1228       SH:  0    Dex: 10    Spells: 13/14 levels left

rFire    . . .     SeeInvis +   b - +4 triple crossbow (flame)
rCold    . . .     Gourm    +   (shield currently unavailable)
rNeg     + + +     Faith    .   (armour currently unavailable)
rPois    ∞         Spirit   .   (helmet currently unavailable)
rElec    .         Reflect  .   (cloak currently unavailable)
rCorr    .         Harm     .   (gloves currently unavailable)
MR       +....     NoTele   +   (boots currently unavailable)
Stlth    +.........             y - amulet of the gourmand
Regen    0.4/turn               i - ring of see invisible
MPRegen  0.2/turn               q - +4 ring of slaying

@: paralysed, tree-form, glowing
A: mutation resistance 1, negative energy resistance 1, petrification
resistance, rot immunity, AC +11
a: Divine Shield, Cleansing Flame, Summon Divine Warrior, Renounce Religion


You were on level 14 of the Dungeon.
You worshipped the Shining One.
The Shining One was exalted by your worship.
You were completely stuffed.
You were a tree.
You visited 3 branches of the dungeon, and saw 21 of its levels.
You visited 1 bazaar.
You also visited: Ossuary, Ice Cave and Volcano.

You collected 1518 gold pieces.
You spent 290 gold pieces at shops.

Inventory:

Hand Weapons
 a - a +6 sacred scourge of holy wrath
 b - a +4 triple crossbow of flaming (weapon)
 c - a +2 hand crossbow of freezing
Missiles
 m - 150 bolts (quivered)
Armour
 n - a +0 pair of boots of stealth (melded)
 o - +0 ice dragon scales
 B - a +2 buckler of cold resistance
 K - a +2 cloak of cold resistance (melded)
 L - a +2 pair of gloves of dexterity (melded)
 U - the +9 chain mail of the Earth (melded) {*Corrode rF+ rN++ Regen+}
   (You found it in a volcano)

   It protects you from fire.
   It greatly protects you from negative energy.
   It increases your rate of regeneration.
   It may corrode you when you take damage.
 X - a +1 helmet (melded)
Jewellery
 i - a ring of see invisible (left branch)
 l - a +2 ring of protection
 q - a +4 ring of slaying (right branch)
 y - an amulet of the gourmand (around neck)
 G - an uncursed ring of protection from magic
 R - an uncursed ring of stealth {unknown}
Wands
 v - a wand of iceblast (10/15)
 w - a wand of confusion (26/48)
 x - a wand of confusion (33/48)
 A - a wand of polymorph (9/24)
 E - a wand of lightning (8/15)
 J - a wand of digging (15/24)
 T - a wand of digging (12/24)
 V - a wand of lightning (8/15)
Scrolls
 h - 4 scrolls of blinking
 j - 8 scrolls of teleportation
 k - 4 scrolls of magic mapping
 p - 3 scrolls of remove curse
 s - a scroll of summoning
 F - a scroll of recharging
 M - 12 scrolls of identify
 O - a scroll of immolation
 S - a scroll of fog
Potions
 e - 8 potions of curing
 r - 3 potions of brilliance
 t - 2 potions of might
 u - 2 potions of lignification
 z - 2 potions of haste
 I - 3 potions of agility
Books
 H - a book of Maledictions

   Spells                             Type                      Level
   a - Corona                         Hexes                        1
   b - Ensorcelled Hibernation        Hexes/Ice                    2
   c - Confuse                        Hexes                        3
   d - Tukima's Dance                 Hexes                        3
   e - Dazzling Spray                 Conjuration/Hexes            3
 P - a book of Changes

   Spells                             Type                      Level
   a - Beastly Appendage              Transmutation                1
   b - Sticks to Snakes               Transmutation                2
   c - Spider Form                    Transmutation/Poison         3
   d - Ice Form                       Ice/Transmutation            4
   e - Blade Hands                    Transmutation                5
 Q - a Young Poisoner's Handbook

   Spells                             Type                      Level
   a - Sting                          Conjuration/Poison           1
   b - Poisonous Vapours              Poison/Air                   2
   c - Mephitic Cloud                 Conjuration/Poison/Air       3
   d - Olgreb's Toxic Radiance        Poison                       4
   e - Venom Bolt                     Conjuration/Poison           5
Miscellaneous
 D - a phial of floods
 N - a lightning rod (4/4)
Comestibles
 d - 9 meat rations
 f - 15 bread rations
 g - 11 royal jellies
 C - 19 chunks of flesh


   Skills:
 - Level 11.0 Fighting
 - Level 17.1 Maces & Flails
 + Level 11.0 Crossbows
 - Level 10.0 Armour
 - Level 3.0 Dodging
 - Level 7.0 Shields
 + Level 9.0 Invocations
 + Level 4.9 Evocations


You had 13 spell levels left.
You knew the following spells:

 Your Spells              Type           Power        Failure   Level  Hunger
a - Summon Butterflies    Summ           #.......     38%         1    ##.....


Dungeon Overview and Level Annotations

Branches:
Dungeon (14/15)            Temple (1/1) D:6            Lair (6/6) D:8
 Shoals (0/4) Lair:3        Snake (0/4) Lair:4        Slime (0/5) Lair:5
    Orc (0/2) D:9          Vaults (0/5) D:13

Altars:
Ashenzari
Cheibriados
Dithmenos
Elyvilon
Fedhas
Gozag
Hepliaklqana
Kikubaaqudgha
Makhleb
Nemelex Xobeh
Okawaru
Qazlal
Ru
Sif Muna
Trog
Uskayaw
Vehumet
Wu Jian
Xom
Yredelemnul
Zin
The Shining One
Jiyva

Shops:
D:6 (   D:8 =   D:10 [


Innate Abilities, Weirdness & Mutations

You are resistant to torment.
((Your stone body is resilient. (AC +11)))
You are immune to poison.
((Your large and strong wings let you fly indefinitely.))
You resist negative energy. (rN+)
((You are resistant to electric shocks. (rElec)))
((You can survive without breathing.))
You are immune to petrification.
You are immune to rotting.
((Your flesh is cold resistant. (rC+)))
You are somewhat resistant to further mutation.


Message History

The storm dragon bites you but does no damage.
The storm dragon claws you!
* * * LOW HITPOINT WARNING * * *
The storm dragon tramples you but does no damage.
The great orb of eyes bites you but does no damage.
The storm dragon bites you.
* * * LOW HITPOINT WARNING * * *
The storm dragon claws you. The Shining One protects you from harm!
The storm dragon tramples you but does no damage.
The great orb of eyes gazes at you.
You suddenly lose the ability to move!
The storm dragon bites you but does no damage.
The storm dragon claws you but does no damage.
The storm dragon tramples you but does no damage.
The great orb of eyes gazes at you.
You struggle to resist.
The storm dragon bites you but does no damage.
The storm dragon claws you.
You die...

..#.O
.#.#.#.#!(.$}o#
O..##.
#.#.#.#.[...$..
......
.#.#.#.#O%.:%.#
.o.##5
#.#.#z#z#|t[#..
..%#.Z
.#.#z#h##.#.##.
.##.t#
#.#.#O#o#.#.#(#
.#..##
.#.#(##G#.#.#.#
...##§
#.#.#H#♣#.#8#.#
...#.§
.#.#.l#D#s#.#.#
##.#.§
#.#.#elTCy:....
(#.+.#
.#.#..#.#.#.#.#
# .# #
#.#.#.#.#.#.#.#
...
##+####.#.#.#.#
+# .
...##$#.#.#%#
......
..#..###.#.###
...... #.####


You could see a storm dragon, an orc knight, a great orb of eyes, an ettin, a
crystal guardian, a two-headed ogre, a fire crab, a manticore, a deep troll
earth mage, a komodo dragon, a deep elf mage, a hornet, an orc warrior
(wandering), a wyvern, an ogre, a scorpion, a hound and 3 wights.

Vanquished Creatures
  A stone giant (Volcano)
  Nessos (Lair:4)
  A dire elephant (Lair:6)
  Snorg (Lair:4)
  A vault guard (D:13)
  Harold (Lair:2)
  An anaconda (Lair:6)
  5 hydras
  A catoblepas (Lair:6)
  3 death yaks (Lair:2)
  6 two-headed ogres
  The ghost of emsyzz the Arsonist, a novice DEFE of Kikubaaqudgha (Lair:1)
  An unseen horror (D:10)
  Pikel (D:7)
  The ghost of Steforg the Stinger, a novice DrVM of Wu Jian (D:6)
  A wizard (D:13)
  A deep elf mage (D:12)
  6 ugly things
  A wolf spider (Lair:2)
  2 cyclopes
  4 elephants (Lair:6)
  A rust devil (D:13)
  3 ice statues
  8 black mambas
  4 torpor snails (Lair:1)
  2 gargoyles
  A centaur skeleton (D:13)
  An orange demon (D:13)
  4 rime drakes
  10 spiny frogs
  11 komodo dragons
  An efreet (Volcano)
  A yaktaur (D:13)
  A red devil (D:13)
  10 ice devils
  3 trolls
  4 polar bears
  2 hornets
  13 hippogriffs
  13 blink frogs
  6 slime creatures (D:14)
  A vampire (D:11)
  A spriggan (shapeshifter) (D:13)
  A shadow (D:12)
  43 yaks
  3 wraiths
  18 humans (D:13)
  2 wyverns
  2 fire elementals (Volcano)
  5 basilisks
  2 vampire mosquitoes (D:13)
  3 steam dragons
  Menkaure (D:4)
  2 hungry ghosts
  4 nagas (Lair:4)
  3 soldier ants
  3 acid dragons
  9 water moccasins
  A swamp drake (D:9)
  9 ice beasts
  3 orc warriors
  10 porcupines
  2 sky beasts
  A black bear (D:8)
  5 phantoms
  2 slaves (D:7)
  An eye of draining (D:11)
  7 wolves
  10 ogres
  5 centaurs
  10 crocodiles
  2 big kobolds
  19 bullfrogs
  An earth elemental (Volcano)
  A wyvern skeleton (D:13)
  4 scorpions
  8 jellies
  3 howler monkeys
  4 crimson imps
  A bullfrog zombie (D:12)
  3 centaur zombies
  11 iron imps (D:13)
  11 hounds
  2 quasits
  4 bullfrog skeletons
  11 orc priests
  8 orc wizards
  5 iguanas
  6 worker ants
  3 hound skeletons
  3 mummies
  A howler monkey zombie (D:5)
  Robin (D:2)
  A worker ant zombie (D:9)
  16 adders
  3 gnolls
  3 shadow imps
  9 white imps
  5 ufetubi (IceCv)
  2 oozes (Lair:5)
  7 worms
  4 dart slugs
  4 leopard geckos
  41 orcs
  5 bats
  5 giant cockroaches
  3 gnoll zombies (Ossuary)
  21 goblins
  5 hobgoblins
  11 jackals
  5 quokkas
  A frilled lizard (D:3)
  4 gnoll skeletons (Ossuary)
  A goblin skeleton (Ossuary)
  A hobgoblin skeleton (Ossuary)
  3 hobgoblin zombies (Ossuary)
  A jackal skeleton (D:5)
  14 kobolds
  A kobold zombie (Ossuary)
  2 leopard gecko skeletons
  3 orc skeletons (Ossuary)
  3 orc zombies (Ossuary)
  7 rats
  3 rat zombies (Ossuary)
  A plant (Lair:6)
616 creatures vanquished.

Vanquished Creatures (collateral kills)
  A reaper (IceCv)
  3 dire elephants (Lair:6)
  A vault guard (D:13)
  An ogre mage (D:13)
  A two-headed ogre (D:13)
  A wizard (D:13)
  A necromancer (D:13)
  An oklob plant (Lair:4)
  A spiny frog (Lair:6)
  3 ice devils (IceCv)
  4 yaks (D:13)
  A human (D:13)
  2 plants (Lair:4)
21 creatures vanquished.

Vanquished Creatures (others)
  2 mummies (Ossuary)
  2 white imps (IceCv)
  6 ufetubi (IceCv)
  A gnoll zombie (Ossuary)
  A gnoll skeleton (Ossuary)
  3 goblin skeletons (Ossuary)
  4 goblin zombies (Ossuary)
  8 hobgoblin skeletons (Ossuary)
  2 hobgoblin zombies (Ossuary)
  2 orc skeletons (Ossuary)
  2 orc zombies (Ossuary)
  A quokka zombie (D:6)
  2 rat skeletons (Ossuary)
  3 rat zombies (Ossuary)
  A bush (Lair:2)
  A fire vortex (Lair:5)
  35 fungi
  36 plants
112 creatures vanquished.

Grand Total: 749 creatures vanquished

Notes
Turn   | Place    | Note
-------+----------+-------------------------------------------
     0 | D:1      | Rrauwl the Gargoyle Fighter began the quest for the Orb.
     0 | D:1      | Reached XP level 1. HP: 14/14 MP: 1/1
   323 | D:1      | Reached XP level 2. HP: 19/19 MP: 2/2
   750 | D:2      | Reached skill level 3 in Maces & Flails
   923 | D:2      | Reached XP level 3. HP: 5/23 MP: 3/3
  1328 | D:2      | Reached skill level 4 in Maces & Flails
  1328 | D:2      | Reached XP level 4. HP: 20/28 MP: 4/4
  1507 | D:2      | Noticed Robin
  1511 | D:2      | Killed Robin
  1857 | D:3      | Reached skill level 5 in Maces & Flails
  1862 | D:3      | Reached XP level 5. HP: 32/32 MP: 5/5
  2519 | D:4      | Noticed Menkaure
  2533 | D:4      | Killed Menkaure
  2533 | D:4      | Reached skill level 6 in Maces & Flails
  2533 | D:4      | Reached XP level 6. HP: 18/37 MP: 6/6
  2721 | D:4      | Found a glowing golden altar of the Shining One.
  2741 | D:4      | Became a worshipper of the Shining One
  2855 | D:4      | Noticed a phantom
  2889 | D:4      | Killed a phantom
  2889 | D:4      | Reached skill level 7 in Maces & Flails
  3427 | D:4      | Reached XP level 7. HP: 39/41 MP: 7/7
  3456 | D:5      | Entered Level 5 of the Dungeon
  3588 | D:5      | Found a bloodstained altar of Trog.
  3591 | D:5      | Found a hide-covered altar of Uskayaw.
  3819 | D:5      | Found a sparkling altar of Nemelex Xobeh.
  3822 | D:5      | Found a shattered altar of Ashenzari.
  4049 | D:6      | Reached skill level 8 in Maces & Flails
  4058 | D:6      | Found a staircase to the Ecumenical Temple.
  4091 | D:6      | Noticed Steforg's ghost (novice DrVM)
  4134 | D:6      | Killed Steforg's ghost
  4134 | D:6      | Reached * piety under the Shining One
  4134 | D:6      | Reached skill level 9 in Maces & Flails
  4134 | D:6      | Reached XP level 8. HP: 20/46 MP: 8/8
  4159 | Temple   | Entered the Ecumenical Temple
  4419 | D:6      | Found Waifaul's Antique Weapon Shoppe.
  4428 | D:6      | Bought a runed morningstar for 126 gold pieces
  4450 | D:6      | Reached skill level 10 in Maces & Flails
  4802 | D:6      | Got an ichor-stained dagger {flame}
  4803 | D:6      | Identified the +6 dagger of Quantum Leap {flame, rPois Str+2 Dex-5 Stlth+} (You took it off an orc wizard on level 6 of the Dungeon)
  5101 | D:6      | Gained mutation: You are somewhat resistant to further mutation. [mutagenic meat]
  5102 | D:6      | Gained mutation: Your flesh is cold resistant. (rC+) [mutagenic meat]
  5216 | D:6      | Reached skill level 11 in Maces & Flails
  5298 | D:6      | Reached XP level 9. HP: 51/51 MP: 9/9
  5803 | D:7      | Found a sand-covered staircase.
  5807 | D:7      | Reached ** piety under the Shining One
  5811 | Ossuary  | Entered an ossuary
  5970 | Ossuary  | Reached *** piety under the Shining One
  6230 | D:7      | Reached skill level 12 in Maces & Flails
  6512 | D:7      | Noticed Pikel
  6558 | D:7      | Killed Pikel
  6888 | D:8      | Reached skill level 13 in Maces & Flails
  6908 | D:8      | Noticed a komodo dragon
  6908 | D:8      | Found a staircase to the Lair.
  6936 | D:8      | Killed a komodo dragon
  6945 | D:8      | Noticed a hornet
  6965 | D:8      | Killed a hornet
  6965 | D:8      | Reached XP level 10. HP: 46/56 MP: 10/10
  7054 | D:8      | Found Wyah's Jewellery Emporium.
  7094 | D:8      | Identified a scroll of acquirement
  7180 | D:8      | Reached **** piety under the Shining One
  7437 | D:8      | Reached skill level 14 in Maces & Flails
  7613 | Lair:1   | Entered Level 1 of the Lair of Beasts
  7613 | Lair:1   | Noticed emsyzz's ghost (novice DEFE)
  7754 | Lair:1   | Killed emsyzz's ghost
  8291 | Lair:1   | Noticed a torpor snail
  8299 | Lair:1   | Killed a torpor snail
  8299 | Lair:1   | Reached skill level 1 in Invocations
  8299 | Lair:1   | Reached skill level 1 in Evocations
  8302 | Lair:1   | Noticed a torpor snail
  8303 | Lair:1   | Found a snail-covered altar of Cheibriados.
  8304 | Lair:1   | Noticed a torpor snail
  8311 | Lair:1   | Killed a torpor snail
  8311 | Lair:1   | Reached skill level 1 in Dodging
  8321 | Lair:1   | Killed a torpor snail
  8338 | Lair:1   | Reached XP level 11. HP: 23/61 MP: 12/12
  8729 | Lair:1   | Learned a level 1 spell: Summon Butterflies
  9297 | Lair:1   | Reached skill level 5 in Armour
  9304 | Lair:1   | Reached skill level 5 in Fighting
  9577 | Lair:2   | Reached skill level 15 in Maces & Flails
  9631 | Lair:2   | Noticed a death yak
  9632 | Lair:2   | Noticed a death yak
  9632 | Lair:2   | Noticed a death yak
  9758 | Lair:2   | Noticed Harold
  9782 | Lair:2   | Killed Harold
  9782 | Lair:2   | Reached skill level 5 in Shields
 10658 | Lair:2   | Killed a death yak
 10660 | Lair:2   | Killed a death yak
 10673 | Lair:2   | Killed a death yak
 10673 | Lair:2   | Reached XP level 12. HP: 36/70 MP: 13/15
 11392 | Lair:3   | Reached skill level 5 in Invocations
 11723 | Lair:3   | Reached skill level 1 in Crossbows
 11790 | Lair:3   | Noticed a five-headed hydra
 11802 | Lair:3   | Killed a five-headed hydra
 11863 | Lair:3   | Found a staircase to the Shoals.
 11901 | Lair:3   | Noticed a seven-headed hydra
 11910 | Lair:3   | Killed a seven-headed hydra
 12572 | Lair:4   | Noticed Nessos
 12622 | Lair:4   | Noticed Snorg
 12649 | Lair:4   | Killed Snorg
 12708 | Lair:4   | Found a frozen archway.
 12842 | IceCv    | Entered an ice cave
 13164 | IceCv    | Reached XP level 13. HP: 60/79 MP: 16/16
 13481 | IceCv    | Reached ***** piety under the Shining One
 13740 | IceCv    | Noticed a reaper
 13749 | IceCv    | Killed a reaper
 14160 | Lair:4   | Killed Nessos
 14758 | Lair:4   | Found a staircase to the Snake Pit.
 15331 | Lair:5   | Found a runed door.
 15331 | Lair:5   | Found a viscous altar of Jiyva.
 15370 | Lair:5   | Found a staircase to the Slime Pits.
 15887 | Lair:6   | Entered Level 6 of the Lair of Beasts
 16087 | Lair:5   | Reached skill level 10 in Armour
 16150 | Lair:6   | Reached skill level 5 in Crossbows
 16217 | Lair:6   | Found a dark tunnel.
 16227 | Volcano  | Entered a volcano
 16288 | Volcano  | Got a heavily runed chain mail
 16306 | Volcano  | Identified the +9 chain mail of the Earth {*Corrode rF+ rN++ Regen+} (You found it in a volcano)
 16342 | Volcano  | Noticed a stone giant
 16382 | Volcano  | Killed a stone giant
 16382 | Volcano  | Reached skill level 10 in Fighting
 16794 | Lair:6   | Reached skill level 16 in Maces & Flails
 16794 | Lair:6   | Gained mutation: Your large and strong wings let you fly indefinitely. [Gargoyle growth]
 16794 | Lair:6   | Reached XP level 14. HP: 74/88 MP: 19/19
 17942 | Lair:6   | Noticed a dire elephant
 17996 | Lair:6   | Killed a dire elephant
 18038 | Lair:6   | Noticed a dire elephant
 18038 | Lair:6   | Noticed a dire elephant
 18113 | Lair:6   | Killed a dire elephant
 18114 | Lair:6   | Noticed a dire elephant
 18115 | Lair:6   | Killed a dire elephant
 18132 | Lair:6   | Killed a dire elephant
 18777 | D:9      | Found a staircase to the Orcish Mines.
 19267 | D:9      | Found an ornate altar of the Wu Jian Council.
 19316 | D:9      | Found a shimmering altar of Xom.
 19516 | D:10     | Entered Level 10 of the Dungeon
 19870 | D:10     | Found Honau's Antique Armour Boutique.
 20981 | D:11     | Reached skill level 17 in Maces & Flails
 21299 | D:12     | Reached XP level 15. HP: 71/92 MP: 21/21
 21334 | D:12     | Found a flickering gateway to a bazaar.
 21343 | Bazaar   | Entered a bazaar
 21346 | Bazaar   | Found Xucwug's Weapon Shop.
 21377 | Bazaar   | Found Natygema's Weapon Shop.
 21401 | Bazaar   | Found Joitu's Gadget Shop.
 21401 | Bazaar   | Found Ucso's Assorted Antiques.
 21433 | Bazaar   | Bought a +2 hand crossbow of freezing for 164 gold pieces
 21801 | D:12     | Reached ****** piety under the Shining One
 21832 | D:12     | Identified a +2 sacred scourge of holy wrath (a +0 vampiric demon whip blessed by the Shining One)
 21832 | D:12     | Received a gift from the Shining One
 22173 | D:13     | Found a basalt altar of Yredelemnul.
 22188 | D:13     | Reached skill level 10 in Crossbows
 22810 | D:13     | Found a gate to the Vaults.
 23111 | D:14     | Noticed a storm dragon
 23119 | D:14     | HP: 2/141 [storm dragon (7)]
 23119 | D:14     | The Shining One protects you from harm!
 23119 | D:14     | Paralysed by a great orb of eyes for 3 turns
 23121 | D:14     | Slain by a storm dragon

Vault maps used:
D:1:      onia_arrival_pentagram, hex_large
D:2:      uniq_robin
D:3:      first_bread
D:4:      tso_metal_star, hangedman_feature_mirror, uniq_menkaure
D:5:      grunt_temple_overflow_cloverleaf
D:6:      minmay_temple_entry_mist, serial_shops, shop, lexackson_kobold_supper
D:7:      gup_ossuary_entry_pyramid, uniq_pikel
D:8:      david_lair_shrubbed, serial_shops, shop
D:9:      kennysheep_little_box, erik_orc_1, basic_altar,
          hangedman_pestilent_swarm
D:10:     serial_shops, nicolae_shop_statue_plus
D:11:     due_unseen_surprise
D:12:     cheibrodos_fzero, serial_shops, freezing_bzr
D:13:     grunt_vaults_entry_tiered, lemuel_hellish_altar
D:14:     minmay_misc_feat_enclosed,
          minmay_the_grid_octo_tiled_squarecenter_mashed
Temple:   compressed_dpeg_circular_temple
Lair:1:   kennysheep_snail_temple
Lair:2:   minmay_lair_venomous_thicket, uniq_harold
Lair:3:   shoals_dummy_entry, beast_lair_carwin_4, wad_woods_river_01,
          serial_bayou_shore_b
Lair:4:   guppyfry_snake_entry_garden, portal_ice_cave_demonic_guard,
          serial_bayou_pond_a, uniq_snorg, uniq_nessos
Lair:5:   slime_altar_2
Lair:6:   due_jungle_book, lightli_volcano_entry_magma_tube, ice2_lemuel,
          grunt_megastairs_3, lemuel_fruit_tree, serial_bayou_shore_b
Bazaar:   bazaar_jpeg_honeycomb
Ossuary:  ossuary_due_pyramid
IceCv:    ice_cave_small_demon
Volcano:  volcano_pools

Skill      XL: |  1  2  3  4  5  6  7  8  9 10 11 12 13 14 15 |
---------------+----------------------------------------------+-----
Maces & Flails | 3 4 5 6 7 9 11 13 14 15 16 17 | 17.1
Invocations    | 2 4 5 6 8 9 |  9.0
Evocations     | 1 3 4 |  4.9
Dodging        | 1 2 3 |  3.0
Fighting       | 4 6 8 10 11 | 11.0
Armour         | 4 6 8 10 | 10.0
Shields        | 4 6 7 |  7.0
Crossbows      | 3 5 9 11 | 11.0

Action                   |  1- 3 |  4- 6 |  7- 9 | 10-12 | 13-15 || total
-------------------------+-------+-------+-------+-------+-------++-------
Melee: Flail             |    91 |   259 |   237 |       |       ||   587
       Eudemon blade     |       |       |    21 |       |       ||    21
       Whip              |       |       |   136 |   916 |   971 ||  2023
 Fire: Triple crossbow   |       |       |       |    13 |   523 ||   536
Invok: Divine Shield     |       |       |     1 |     6 |     4 ||    11
       Cleansing Flame   |       |       |       |     1 |       ||     1
       Summon Divine War |       |       |       |       |     4 ||     4
       Brand Weapon With |       |       |       |       |     1 ||     1
 Abil: Fly               |       |       |       |       |     1 ||     1
Evoke: Wand              |       |       |    13 |    10 |    12 ||    35
       Lightning rod     |       |       |       |     4 |     4 ||     8
       Phial of floods   |       |       |       |     1 |     1 ||     2
  Use: Potion            |       |     6 |     1 |     5 |    14 ||    26
       Scroll            |       |     9 |     8 |     5 |    24 ||    46
  Eat: Chunk             |     1 |     7 |    10 |    14 |    46 ||    78
       Fruit             |       |     1 |     4 |       |     7 ||    12
       Royal jelly       |       |       |       |     3 |     2 ||     5
       Meat ration       |       |       |       |     1 |       ||     1
Armor: Scale mail        |    11 |       |       |       |       ||    11
       Chain mail        |    43 |   147 |   148 |   204 |   575 ||  1117
       Plate armour      |       |       |       |    96 |   213 ||   309
       Skin              |       |       |       |       |    31 ||    31
Dodge: Dodged            |    16 |    46 |    39 |    99 |   413 ||   613
Block: Shield            |    35 |   112 |   100 |   299 |       ||   546
       Other             |       |       |       |     5 |       ||     5
       Buckler           |       |       |       |       |   200 ||   200
       Rpst.: Eudemon blade |       |       |     2 |       |       ||     2
